 Dungeon Crawl Stone Soup version 0.32-a0-918-g0f22ef8d61 (webtiles) character file.

Game seed: 2853138126627909634

2672 porpoise the Ruffian (level 9, -1/72 HPs)
             Began as a Demonspawn Gladiator on Apr 12, 2024.
             Was a Priest of Uskayaw.
             Slain by Amaemon
             ... wielding a -2 demon whip of venom
              (6 damage)
             ... on level 8 of the Dungeon.
             The game lasted 00:17:56 (7356 turns).

porpoise the Ruffian (Demonspawn Gladiator)         Turns: 7356, Time: 00:17:58

Health: -1/72      AC: 18    Str: 18    XL:     9   Next: 37%
Magic:  12/12      EV:  9    Int:  8    God:    Uskayaw [***...]
Gold:   417        SH:  0    Dex: 16    Spells: 8/8 levels left

rFire   + .          .
                       - Unarmed
rCold   . . .        (no shield)
rNeg    + . .        q - +1 scale mail {rF+}
rPois   .            c - +0 helmet
rElec   .            (no cloak)
rCorr   .            (gloves unavailable)
SInv    +            (no boots)
Will    .....        (no amulet) Stlth
                     y - ring of the Burgomaster {rN+ SInv}
HPRegen 0.32/turn    b - +4 ring of protection
MPRegen 0.13/turn

%: no passive effects
@: lethally poisoned (-1 -> -16), sanguine armoured, slowed, very slow
A: claws 3, spiny 1, sanguine armour 1
a: Renounce Religion, Stomp, Line Pass


You were on level 8 of the Dungeon.
You worshipped Uskayaw.
Uskayaw was noncommittal.
You visited 2 branches of the dungeon, and saw 9 of its levels.

You collected 417 gold pieces.

Inventory:

Hand Weapons
 a - a +0 trident
Missiles
 d - 3 throwing nets (quivered)
 e - 7 javelins
 s - 4 atropa-tipped darts
 C - 6 poisoned darts
 D - a boomerang
Armour
 c - a +0 helmet (worn)
 f - an orb of mayhem
 q - a +1 scale mail of fire resistance (worn)
Jewellery
 b - a +4 ring of protection (right claw)
 o - a +6 ring of dexterity
 y - the ring of the Burgomaster (left claw) {rN+ SInv}
   (You found it on level 6 of the Dungeon)

   [ring of see invisible]

   rN+:       It protects you from negative energy.
   SInv:      It lets you see invisible.
Scrolls
 h - a scroll of silence {unknown}
 j - a scroll of immolation
 p - 2 scrolls of noise
 r - a scroll of amnesia {unknown}
 t - a scroll of revelation {unknown}
 u - a scroll of torment {unknown}
 w - a scroll of fear {unknown}
 x - a scroll of fog {unknown}
 z - a scroll of brand weapon {unknown}
 A - a scroll of teleportation {unknown}
Potions
 g - 5 potions of curing
 i - a potion of enlightenment {unknown}
 k - a potion of brilliance
 l - 2 potions of heal wounds
 m - a potion of might
 v - a potion of haste {unknown}
 B - a potion of cancellation {unknown}


   Skills:
 - Level 7.0 Fighting
 - Level 6.0 Polearms
 - Level 1.7 Throwing
 + Level 0.6 Armour
 - Level 2.6 Dodging
 * Level 7.5 Unarmed Combat
 + Level 5.0 Invocations


You had 8 spell levels left.
You didn't know any spells.
Your spell library contained the following spells:

 Spells                   Type           Power      Damage    Failure   Level
 Magic Dart               Conj           0%         1d3       82%         1
 Sandblast                Erth           0%         2d4       82%         1
 Sting                    Conj/Alch      0%         1d3       82%         1
 Blink                    Tloc           0%         N/A       91%         2
 Call Imp                 Summ           0%         N/A       91%         2
 Lesser Beckoning         Tloc           0%         N/A       91%         2
 Mercury Vapours          Alch/Air       0%         N/A       91%         2
 Momentum Strike          Conj/Tloc      0%         3d8       91%         2
 Stone Arrow              Conj/Erth      0%         3d7       99%         3
 Brom's Barrelling Bould  Conj/Erth      0%         2d3       100%        4
 Olgreb's Toxic Radiance  Alch           0%         N/A       100%        4


Dungeon Overview and Level Annotations

Branches:
Dungeon (8/15)             Temple (1/1) D:6
   Lair: D:8-11

Altars:
Ashenzari
Cheibriados
Dithmenos
Fedhas
Gozag
Kikubaaqudgha
Makhleb
Nemelex Xobeh
Okawaru
Qazlal
Ru
Sif Muna
Trog
Uskayaw
Vehumet
Wu Jian
Xom
Yredelemnul

Annotations:
D:1 1 transporter
D:8 Amaemon


Innate Abilities, Weirdness & Mutations

You have claws for hands.
You are partially covered in sharp spines.
When seriously injured, your blood forms armour. (AC +6)


Message History

The scorpion is heavily wounded.
You feel sick. The scorpion is struck by your spines. The scorpion stings you.
You are more poisoned.
The scorpion poisons you! The orange demon stings you from afar!
You are more poisoned.
You have difficulty breathing.
You feel yourself slow down.
You claw the scorpion!
You kill the scorpion!
The scorpion's corpse disappears in a puff of smoke!
Your blood congeals into armour.
You feel extremely sick. The orange demon closely misses you.
You can now pass through a line of other dancers.
You barely miss the scorpion.
You feel extremely sick. The scorpion stings you.
The orange demon barely misses you. The scorpion is struck by your spines.
The scorpion barely misses you.
You claw the scorpion!
The scorpion is almost dead.
* * * LOW HITPOINT WARNING * * *
You feel extremely sick.
The scorpion stings you but does no damage.
The orange demon barely misses you.
Uskayaw will force your foes to helplessly watch your dance.
Uskayaw prepares the audience for your solo!
The helpless scorpion fails to defend itself.
You mangle the scorpion!!
You kill the scorpion!
The scorpion's corpse disappears in a puff of smoke!
* * * LOW HITPOINT WARNING * * *
You feel very sick.
Amaemon is no longer paralysed.
The orange demon is no longer paralysed.
The orange demon closely misses you. The orange demon stings you from afar.
* * * LOW HITPOINT WARNING * * *
Amaemon hits you with a -2 demon whip of venom.
* * * LOW HITPOINT WARNING * * *
Amaemon claws you.
You die...
Your body falls in perfect tune with the rhythm.

.......# ####
#......# ...##
#......## ...#
#......# .4#
#....... #6#
#....... #@#
#....... #.##
##....... #..#
#....#...
##.###
##....###.
##..####...###
## #.......###
# ##.....##
#######


You could see Amaemon and an orange demon (curare).

Vanquished Creatures
  Sigmund (D:6)
  2 steam dragons (D:7)
  2 water moccasins
  A sky beast (D:7)
  2 black bears
  2 ice beasts (D:7)
  2 ogres
  2 centaurs
  A kobold brigand (D:7)
  A scorpion (D:5)
  A gnoll sergeant (D:7)
  6 wights
  A bombardier beetle (D:6)
  2 hounds
  A jelly (D:4)
  2 orc priests
  3 gnoll boudas
  3 sleepcaps
  3 iguanas
  Terence (D:3)
  An orc wizard (D:4)
  17 gnolls
  6 adders
  A white imp (D:6)
  4 ufetubi
  A dart slug (D:4)
  A ribbon worm (D:2)
  13 orcs
  6 ball pythons
  6 endoplasms
  2 giant cockroaches
  11 goblins
  3 hobgoblins
  5 jackals
  2 quokkas
  2 bats
  3 frilled lizards
  6 kobolds
  4 rats
133 creatures vanquished.

Notes
Turn   | Place    | Note
-------+----------+-------------------------------------------
     0 | D:1      | porpoise the Demonspawn Gladiator began the quest for the
                  | Orb.
     0 | D:1      | Reached XP level 1. HP: 16/16 MP: 1/1
   258 | D:1      | Found a faded altar of an unknown god.
   480 | D:1      | Gained mutation: You have sharp fingernails. [demonic
                  | ancestry]
   480 | D:1      | Reached XP level 2. HP: 22/22 MP: 2/2
   951 | D:2      | Gained mutation: You have very sharp fingernails. [demonic
                  | ancestry]
   951 | D:2      | Reached XP level 3. HP: 9/28 MP: 3/3
  1706 | D:3      | Identified the +2 robe of Spring {Harm rF+ Dex+3}
  1787 | D:3      | Gained mutation: When seriously injured, your blood forms
                  | armour. (AC +6) [demonic ancestry]
  1787 | D:3      | Reached XP level 4. HP: 34/34 MP: 4/4
  1826 | D:3      | Noticed Terence
  1846 | D:3      | Killed Terence
  2050 | D:3      | Reached XP level 5. HP: 28/41 MP: 5/5
  2367 | D:4      | Noticed an ogre
  2382 | D:4      | Killed an ogre
  2383 | D:4      | Reached skill level 5 in Polearms
  2728 | D:4      | Gained mutation: You have claws for hands. [demonic
                  | ancestry]
  2728 | D:4      | Reached XP level 6. HP: 48/48 MP: 6/6
  3103 | D:4      | Reached skill level 1 in Unarmed Combat
  3349 | D:5      | Entered Level 5 of the Dungeon
  3775 | D:5      | Reached XP level 7. HP: 45/55 MP: 7/7
  4852 | D:6      | Identified the ring of the Burgomaster {rN+ SInv}
  4960 | D:6      | Noticed Sigmund
  4973 | D:6      | Killed Sigmund
  4974 | D:6      | Reached skill level 5 in Fighting
  5022 | D:6      | Reached XP level 8. HP: 35/63 MP: 8/8
  5037 | D:6      | Reached skill level 5 in Unarmed Combat
  5345 | D:6      | Found a staircase to the Ecumenical Temple.
  5362 | Temple   | Entered the Ecumenical Temple
  5374 | Temple   | Became a worshipper of Uskayaw the Reveller
  5482 | D:6      | Reached * piety under Uskayaw
  5486 | D:6      | Reached ** piety under Uskayaw
  5487 | D:6      | Reached *** piety under Uskayaw
  5495 | D:6      | Reached **** piety under Uskayaw
  5497 | D:6      | Reached skill level 1 in Invocations
  6016 | D:7      | Reached ***** piety under Uskayaw
  6354 | D:7      | Gained mutation: You are partially covered in sharp spines.
                  | [demonic ancestry]
  6354 | D:7      | Reached XP level 9. HP: 71/71 MP: 11/11
  6890 | D:7      | Reached skill level 5 in Invocations
  7348 | D:8      | Noticed Amaemon
  7348 | D:8      | Noticed an orange demon
  7356 | D:8      | Slain by Amaemon

Illustrated notes

Levels and vault maps discovered:
D:1:      spicycebolla_arrival_risky_transporter, layout_basic,
          ebering_ecumenical_altar_box, feat_on_display
D:2:      layout_loops_cross, amcnicky_mini_rare_corridor_liquid
D:3:      layout_basic, uniq_terence
D:4:      kennysheep_the_goblin_king, layout_cave_pods, serial_park_tiny_2
D:5:      layout_basic, serial_park_tiny_1
D:6:      layout_cave_pods, minmay_temple_entry_tees, uniq_sigmund
D:7:      layout_loops_ring
D:8:      layout_layer_cave, beargit_hepliaklqana_dungeon_heroes,
          nicolae_two_hexagons, uniq_amaemon
Temple:   mainiacjoe_temple_archimedes_tessellation

Skill      XL: |  1  2  3  4  5  6  7  8  9 |
---------------+----------------------------+-----
Polearms       | 3 4 5 6 |  6.0
Fighting       | 3 4 5 6 7 |  7.0
Unarmed Combat | 2 4 6 7 |  7.5
Invocations    | 3 5 |  5.0
Throwing       | |  1.7
Armour         | |  0.6
Dodging        | |  2.6

Action                     |  1- 3 |  4- 6 |  7- 9 || total
---------------------------+-------+-------+-------++-------
  Melee: Trident           |   131 |   132 |       ||   263
         Unarmed           |       |    32 |   218 ||   250
         Punch             |       |     2 |     7 ||     9
  Throw: Throwing net      |       |     1 |       ||     1
    Use: Scroll            |       |       |     4 ||     4
         Potion            |       |       |     3 ||     3
   Stab: Sleeping          |     5 |       |       ||     5
         Held in net/web   |       |     1 |       ||     1
         Paralysed         |       |       |     6 ||     6
 Armour: Leather armour    |    65 |     9 |       ||    74
         Scale mail        |       |   125 |   209 ||   334
  Dodge: Dodged            |    57 |    73 |   134 ||   264

Table legend: (Time is in decaauts)
 A = Elapsed time spent in this place.
 B = Non-inter-level travel time spent in this place.
 C = Inter-level travel time spent in this place.
 D = Time resting spent in this place.
 E = Time spent auto-exploring this place.
 F = Levels seen in this place.
 G = Mean time per level.
                   A        B        C        D        E       F      G
               +--------+--------+--------+--------+--------+-----+--------+
         Total |   7356 |   7186 |    170 |   1514 |   4671 |   9 |  817.3 |
       Dungeon |   7331 |   7184 |    147 |   1514 |   4671 |   8 |  916.4 |
        Temple |     24 |      1 |     23 |      0 |      0 |   1 |   24.0 |
               +--------+--------+--------+--------+--------+-----+--------+

Top non-repeatable levels by time:
     D:7: 1419 daAuts
     D:5: 1215 daAuts
     D:6: 1194 daAuts
     D:4: 1013 daAuts
     D:1: 833 daAuts
     D:2: 793 daAuts
     D:3: 731 daAuts
     D:8: 131 daAuts
  Temple: 24 daAuts
